Map: New Repugnancy LE

Players

Reynor

  • Race: Zerg Zerg
  • League: Master
  • Spawn Location: 1:00

ShoWTimE - Winner!

  • Race: Protoss Protoss
  • League: Grandmaster
  • Spawn Location: 7:00

Event: 2019 WCS Winter Europe

VOD

Have the link to the VOD?

Description

Time

  • Played on: March 23, 2019, 9:59 a.m.
  • Length: 8:13

All games in this series

Show
View Real Time Build Order
Export as new Build Order

Reynor Zerg 

Build Orders: Hatch First 

Get SALT Encoding   

  12  0:00  Drone  
  13  0:12  Overlord  
  13  0:16  Drone  
  14  0:30  Drone x2  
  16  0:43  Drone  
  16  0:48  Drone  
  18  0:57  Hatchery  
  18  1:00  Drone  
  18  1:02  Extractor  
  17  1:14  Spawning Pool  
  17  1:17  Drone  
  17  1:21  Drone  
  18  1:28  Drone  
  19  1:40  Overlord  
  19  2:01  Zergling x4  
  21  2:02  Metabolic Boost  
  21  2:03  Queen  
  23  2:10  Queen  
  23  2:12  Drone  
  26  2:16  Drone  
  26  2:20  Drone  
  26  2:21  Drone  
  29  2:32  Drone  
  30  2:40  Hatchery  
  30  2:44  Zergling x2  
  30  2:47  Zergling x2  
  30  2:49  Drone  
  32  2:52  Overlord  
  32  2:55  Drone  
  33  3:03  Drone  
  33  3:05  Drone  
  37  3:12  Drone x2  
  37  3:17  Overlord  
  37  3:18  Drone x2  
  39  3:24  Spore Crawler  
  40  3:27  Spore Crawler  
  40  3:28  Drone  
  40  3:31  Drone x3  
  42  3:35  Overlord  
  42  3:39  Zergling x2  
  43  3:42  Drone  
  43  3:44  Drone x3  
  47  3:50  Zergling x2  
  47  3:55  Overlord, Drone x2  
  50  3:57  Drone x2  
  50  4:00  Queen  
  54  4:03  Drone  
  54  4:04  Drone  
  56  4:11  Roach Warren  
  56  4:12  Drone  
  56  4:14  Zergling x4  
  56  4:16  Drone  
  56  4:17  Drone  
  60  4:20  Extractor  
  59  4:24  Overlord  
  59  4:27  Drone  
  60  4:31  Overlord  
  60  4:35  Extractor  
  59  4:45  Drone x2  
  60  4:50  Overlord  
  60  4:52  Spore Crawler, Roach x3  
  67  4:53  Roach  
  67  4:57  Roach x4  
  75  5:02  Zergling x2  
  75  5:04  Zergling x8  
  80  5:07  Overlord  
  80  5:09  Overlord  
  80  5:21  Overlord  
  75  5:23  Roach, Zergling x2  
  75  5:25  Roach, Zergling x6  
  72  5:29  Roach x3  
  72  5:33  Ravager  
  71  5:36  Roach  
  71  5:38  Zergling x2  
  69  5:45  Roach, Zergling x2  
  70  5:50  Zergling x2  
  70  5:54  Zergling x2  
  68  6:00  Zergling x4  
  68  6:02  Zergling x2  
  60  6:05  Zergling x4  
  60  6:07  Zergling x2  
  62  6:12  Drone x2  
  62  6:13  Drone  
  62  6:15  Drone  
  66  6:18  Drone  
  66  6:25  Roach Warren  
  66  6:30  Drone  
  67  6:33  Zergling x6  
  67  6:34  Zergling x2  
  67  6:36  Drone  
  72  6:43  Zergling x6  
  75  6:49  Overlord  
  75  6:55  Overlord  
  75  7:05  Roach x5  
  75  7:07  Ravager  
  87  7:08  Roach  
  87  7:11  Roach  
  87  7:14  Roach  
  91  7:19  Zergling x8  
  93  7:30  Roach x2  
  93  7:36  Roach, Zergling x4  
  93  7:37  Zergling x6  
  89  7:38  Zergling x2  
  89  7:41  Roach  
  89  7:43  Zergling x2  
  73  7:45  Zergling x2  
  68  7:52  Roach  
  68  7:54  Zergling x8  
Show
View Real Time Build Order
Export as new Build Order

ShoWTimE Protoss - Winner!

Build Orders: 1 Gate Expand 

Get SALT Encoding   

  12  0:00  Probe  
  13  0:12  Probe  
  14  0:18  Pylon  
  14  0:24  Probe  
  15  0:32  Probe  
  15  0:38  Gateway  
  15  0:40  Probe  
  16  0:49  Assimilator  
  17  0:51  Probe  
  18  1:03  Probe  
  19  1:15  Probe  
  20  1:25  Nexus  
  20  1:35  Cybernetics Core  
  20  1:37  Probe  
  21  1:45  Assimilator  
  21  1:50  Probe  
  21  1:54  Pylon  
  22  2:02  Probe, Adept  
  23  2:12  Warp Gate  
  23  2:14  Probe  
  26  2:22  Stalker  
  26  2:23  Robotics Facility  
  26  2:26  Probe  
  27  2:33  Probe  
  29  2:38  Probe  
  29  2:41  Probe  
  31  2:50  Probe  
  33  2:51  Probe  
  33  2:52  Sentry  
  36  3:01  Warp Prism  
  36  3:02  Probe  
  36  3:03  Probe  
  40  3:14  Probe  
  40  3:15  Probe  
  42  3:20  Gateway  
  42  3:23  Gateway  
  42  3:27  Pylon  
  42  3:30  Probe  
  42  3:31  Probe  
  44  3:47  Probe, Gateway  
  45  3:50  Gateway  
  45  3:53  Gateway  
  45  3:57  Assimilator  
  45  4:00  Gateway  
  45  4:04  Gateway  
  45  4:08  Pylon  
  45  4:09  Observer  
  46  4:19  Pylon  
  46  4:22  Probe  
  47  4:24  Stalker  
  47  4:25  Stalker  
  51  4:33  Pylon  
  51  4:54  Stalker x6  
  51  4:56  Stalker  
  51  4:59  Stalker  
  67  5:10  Pylon  
  65  5:24  Sentry x2  
  65  5:25  Zealot x5  
  73  5:38  Sentry  
  75  5:52  Zealot x4  
  75  5:53  Zealot  
  57  6:19  Zealot x8  
  73  6:27  Pylon  
  73  6:28  Pylon  
  73  6:37  Adept  
  75  6:41  Adept  
  75  6:44  Zealot x4  
  85  6:47  Sentry x2, Pylon  
  89  6:55  Pylon  
  89  7:04  Stalker x5  
  89  7:07  Zealot  
  101  7:11  Zealot  
  103  7:27  Zealot x4  
  103  7:28  Zealot  
  109  7:36  Zealot x2  
  103  7:42  Zealot  
  91  7:49  Stalker x2  
  91  7:52  Zealot x2  
Tags
 
Add a new tag
Caveats
  • Supply blocks, unpowered buildings, or Contaminate may cause inaccurate times.
  • Supply counts are checked every 10 seconds.